 Dungeon Crawl Stone Soup version 0.25-a0-651-g8c222c7a2b (webtiles) character file.

Game seed: 1884506063155080755, levelgen mode: deterministic

20198 Grim the Brawler (level 12, 0/119 HPs)
             Began as a Troll Berserker on Mar 22, 2020.
             Was an Elder of Trog.
             Slain by a yak (11 damage)
             ... on level 1 of the Lair of Beasts.
             The game lasted 00:31:40 (10639 turns).

Grim the Brawler (Troll Berserker)                 Turns: 10639, Time: 00:31:41

Health: 0/119      AC: 11    Str: 28    XL:     12   Next: 43%
Magic:  11/11      EV: 13    Int:  5    God:    Trog [****..]
Gold:   909        SH:  0    Dex: 11    Spells: 11/11 levels left

rFire    . . .     SeeInvis .     - Unarmed
rCold    + . .     Gourm    +   (no shield)
rNeg     . . .     Faith    .   D - +0 troll leather armour
rPois    .         Spirit   .   Q - +1 hat
rElec    .         Reflect  .   v - +1 cloak
rCorr    .         Harm     .   (gloves unavailable)
MR       ++...                  (boots unavailable)
Stlth    +.........             (no amulet)
HPRegen  2.09/turn              A - ring of protection from cold
MPRegen  0.12/turn              g - +1 ring of evasion

@: lethally poisoned (0 -> -14), about to teleport, regenerating
A: large, unfitting armour, claws 3, fast metabolism 3, gourmand, regeneration
1, shaggy fur 1, tough skin 3
a: Berserk, Trog's Hand, Brothers in Arms, Renounce Religion


You were on level 1 of the Lair of Beasts.
You worshipped Trog.
Trog was greatly pleased with you.
You were completely stuffed.

You visited 2 branches of the dungeon, and saw 13 of its levels.

You collected 909 gold pieces.

Inventory:

Missiles
 i - 19 boomerangs (quivered)
 o - a throwing net
 x - 4 boomerangs of dispersal
 M - 8 large rocks
Armour
 v - a +1 cloak (worn)
 D - a +0 troll leather armour (worn)
 Q - a +1 hat (worn)
Jewellery
 g - a +1 ring of evasion (right claw)
 j - an uncursed ring of ice
 n - an uncursed ring of protection from cold
 A - a ring of protection from cold (left claw)
 N - an uncursed ring of resist corrosion {unknown}
Wands
 a - a wand of clouds (5)
 t - a wand of flame (35)
 B - a wand of digging (13)
 C - a wand of iceblast (10)
 G - a wand of polymorph (26)
Scrolls
 c - 4 scrolls of immolation {unknown}
 e - 4 scrolls of teleportation
 h - 3 scrolls of enchant armour {unknown}
 l - 6 scrolls of enchant weapon
 p - 5 scrolls of remove curse {unknown}
 s - 2 scrolls of blinking {unknown}
 u - a scroll of amnesia {unknown}
 w - 2 scrolls of noise {unknown}
 y - 2 scrolls of magic mapping {unknown}
 z - 3 scrolls of fog {unknown}
 H - a scroll of fear {unknown}
 L - 5 scrolls of identify
 O - a scroll of holy word {unknown}
 P - a scroll of vulnerability {unknown}
Potions
 d - 3 potions of resistance
 f - a potion of heal wounds
 k - a potion of ambrosia
 m - 5 potions of curing
 q - a potion of magic
 r - a potion of stabbing
 E - a potion of brilliance {unknown}
 F - a potion of flight {unknown}
 I - 3 potions of mutation {unknown}
 J - a potion of haste {unknown}
 K - a potion of degeneration {unknown}
 R - 2 potions of invisibility {unknown}
Comestibles
 b - 18 rations
 S - 10 chunks of flesh


   Skills:
 - Level 8.1 Fighting
 + Level 5.2 Throwing
 - Level 6.0 Dodging
 + Level 15.9 Unarmed Combat


You had 11 spell levels left.
You didn't know any spells.
Your spell library was empty.

Dungeon Overview and Level Annotations

Branches:
Dungeon (12/15)            Temple (0/1) D:7            Lair (1/6) D:10
    Orc (0/2) D:10

Altars:
Dithmenos
Elyvilon
Fedhas
Makhleb
Okawaru
Ru
Sif Muna
Vehumet
Xom

Annotations:
D:10 1 runed translucent door
D:12 2 runed translucent doors, Deiziod's ghost, journeyman HOMo


Innate Abilities, Weirdness & Mutations

You are too large for most types of armour.
You have claws for hands.
Your metabolism is lightning-fast.
You like to eat raw meat.
Your natural rate of healing is unusually fast.
You are covered in fur. (AC +1)
You have extremely tough skin. (AC +3)


Message History

* * * LOW HITPOINT WARNING * * *
You are more poisoned.
The black mamba poisons you! The yak closely misses you. x2
The yak gores you!
* * * LOW HITPOINT WARNING * * *
The black mamba bites you!
* * * LOW HITPOINT WARNING * * *
You are lethally poisoned!
The black mamba poisons you!
Your skin crawls.
You feel resistant to hostile enchantments.
You feel quite a bit less full.
You feel very sick. The black mamba bites you.
* * * LOW HITPOINT WARNING * * *
You are more poisoned.
The black mamba poisons you! The yak gores you.
* * * LOW HITPOINT WARNING * * *
The yak barely misses you. The yak gores you!
You die...

..... #............##
#.... #.....#P......#
.##.... ########.....P##
.......######.#.........
...................<....
........................
........................
#...Y.................
..#..Y@####'####..####.
+..SYY###'##.....##..
#...Y##......#..###.+
.....t##....†''..###..
...#....P#.....##....'..
.. #.....#......+..###..
. #....##......#..###..
.....##.....##...##.#
##.#+###..#####


You could see a black mamba, 5 yaks and a crocodile.

Vanquished Creatures
  A hydra (D:11)
  4 two-headed ogres
  An unseen horror (D:10)
  A deep elf mage (D:9)
  2 ugly things
  3 cyclopes (D:11)
  4 manticores (D:12)
  A gargoyle (D:12)
  2 trolls
  2 hippogriffs (D:9)
  A wyvern (D:11)
  2 wraiths (D:12)
  12 yaks
  2 hungry ghosts
  3 wargs (D:10)
  2 water moccasins
  3 ice beasts
  4 orc warriors
  4 phantoms
  2 sky beasts
  A black bear (D:6)
  A necrophage (D:9)
  6 ogres
  10 centaurs
  A crocodile (Lair:1)
  3 big kobolds
  A wyvern zombie (D:12)
  14 bullfrogs
  4 scorpions
  25 killer bees
  8 howler monkeys
  7 crimson imps
  2 bullfrog zombies
  3 centaur zombies
  A bullfrog skeleton (D:5)
  3 centaur skeletons
  7 orc priests
  7 hounds
  7 orc wizards
  3 jellies
  3 iguanas
  5 worker ants
  A hound zombie (D:7)
  3 hound skeletons
  A howler monkey zombie (D:11)
  A worker ant zombie (D:9)
  7 gnolls
  10 adders
  4 shadow imps
  2 oozes
  A worm (D:2)
  2 dart slugs (D:1)
  5 leopard geckos
  71 orcs
  6 giant cockroaches
  7 hobgoblins
  13 jackals
  10 quokkas
  A ball python (D:4)
  6 bats
  A frilled lizard (D:2)
  5 goblins
  22 kobolds
  A quokka zombie (D:5)
  7 rats
365 creatures vanquished.

Vanquished Creatures (collateral kills)
  A hydra (Lair:1)
1 creature vanquished.

Grand Total: 366 creatures vanquished

Notes
Turn   | Place    | Note
-------+----------+-------------------------------------------
     0 | D:1      | Grim the Troll Berserker began the quest for the Orb.
     0 | D:1      | Reached XP level 1. HP: 22/22 MP: 0/0
   116 | D:1      | Reached XP level 2. HP: 29/29 MP: 1/1
   421 | D:1      | Reached ** piety under Trog
   817 | D:2      | Found a shadowy altar of Dithmenos.
   819 | D:2      | Found a white marble altar of Elyvilon.
   920 | D:2      | Reached XP level 3. HP: 36/36 MP: 2/2
  1129 | D:2      | Reached skill level 4 in Unarmed Combat
  1175 | D:2      | Reached XP level 4. HP: 34/45 MP: 3/3
  2086 | D:3      | Found a sacrificial altar of Ru.
  2138 | D:3      | Found a burning altar of Makhleb.
  2139 | D:3      | Found a radiant altar of Vehumet.
  2146 | D:3      | Reached skill level 5 in Unarmed Combat
  2146 | D:3      | Reached XP level 5. HP: 44/53 MP: 4/4
  2255 | D:3      | You fall into a shaft and drop 1 floor!
  2477 | D:4      | Reached *** piety under Trog
  2584 | D:4      | Reached XP level 6. HP: 42/62 MP: 5/5
  2721 | D:4      | Reached skill level 6 in Unarmed Combat
  3079 | D:5      | Entered Level 5 of the Dungeon
  3080 | D:5      | Noticed a water moccasin
  3092 | D:5      | Killed a water moccasin
  3112 | D:5      | Reached XP level 7. HP: 37/70 MP: 6/6
  3234 | D:5      | Reached skill level 7 in Unarmed Combat
  3988 | D:6      | Reached skill level 5 in Fighting
  3988 | D:6      | Reached skill level 8 in Unarmed Combat
  3993 | D:6      | Reached XP level 8. HP: 80/80 MP: 7/7
  4276 | D:6      | Found a shimmering blue altar of Sif Muna.
  4526 | D:7      | Reached skill level 9 in Unarmed Combat
  4567 | D:7      | Reached **** piety under Trog
  4588 | D:7      | Found a staircase to the Ecumenical Temple.
  4747 | D:7      | Found an iron altar of Okawaru.
  4964 | D:7      | Reached skill level 10 in Unarmed Combat
  5174 | D:7      | Reached XP level 9. HP: 89/89 MP: 8/8
  5771 | D:8      | Found a shimmering altar of Xom.
  5771 | D:8      | Found a shimmering altar of Xom.
  5771 | D:8      | Found a shimmering altar of Xom.
  5771 | D:8      | Found a shimmering altar of Xom.
  5831 | D:8      | Reached skill level 11 in Unarmed Combat
  5909 | D:8      | Found a shimmering altar of Xom.
  6239 | D:9      | Noticed a troll
  6274 | D:8      | Killed a troll
  6452 | D:9      | Reached XP level 10. HP: 102/102 MP: 9/9
  6458 | D:9      | Noticed a two-headed ogre
  6468 | D:9      | Killed a two-headed ogre
  6468 | D:9      | Reached skill level 12 in Unarmed Combat
  6493 | D:9      | Noticed a deep elf mage
  6521 | D:9      | Killed a deep elf mage
  6917 | D:9      | Reached ***** piety under Trog
  6917 | D:9      | Received a gift from Trog
  7142 | D:10     | Entered Level 10 of the Dungeon
  7207 | D:10     | Reached skill level 13 in Unarmed Combat
  7212 | D:10     | Killed an unseen horror
  7373 | D:10     | Found a staircase to the Orcish Mines.
  7495 | D:10     | Found a staircase to the Lair.
  7538 | D:10     | Noticed a two-headed ogre
  7545 | D:10     | Killed a two-headed ogre
  7545 | D:10     | Reached XP level 11. HP: 74/111 MP: 10/10
  7618 | D:10     | Found a blossoming altar of Fedhas.
  7667 | D:10     | Found a runed translucent door.
  7667 | D:10     | Noticed a fire crab
  7667 | D:10     | Noticed a stone giant
  7667 | D:10     | Noticed a deep troll
  7668 | D:10     | Noticed a storm dragon
  7669 | D:10     | Noticed a frost giant
  7669 | D:10     | Noticed an ettin
  7669 | D:10     | Noticed a phantasmal warrior
  7669 | D:10     | Noticed a storm dragon
  7782 | D:10     | Received a gift from Trog
  7944 | D:10     | Noticed a brown ugly thing
  7948 | D:10     | Killed a brown ugly thing
  7948 | D:10     | Reached skill level 14 in Unarmed Combat
  8081 | D:11     | Noticed a seven-headed hydra
  8090 | D:11     | Killed a 12-headed hydra
  8238 | D:11     | Reached skill level 5 in Dodging
  8377 | D:11     | Reached skill level 15 in Unarmed Combat
  8620 | D:11     | Noticed a cyan ugly thing
  8623 | D:11     | Killed a cyan ugly thing
  9325 | D:12     | Reached skill level 1 in Throwing
  9330 | D:12     | Received a gift from Trog
  9569 | D:12     | Reached XP level 12. HP: 105/119 MP: 11/11
  9649 | D:12     | Noticed a two-headed ogre
  9663 | D:12     | Killed a two-headed ogre
  9747 | D:12     | Found a runed translucent door.
  9782 | D:12     | Noticed a tengu reaver
  9782 | D:12     | Noticed Deiziod's ghost (journeyman HOMo)
  9789 | D:12     | Noticed a deep troll earth mage
  9790 | D:12     | Found a runed translucent door.
 10120 | D:12     | Noticed a two-headed ogre
 10128 | D:12     | Killed a two-headed ogre
 10178 | D:12     | Noticed a lich
 10335 | Lair:1   | Entered Level 1 of the Lair of Beasts
 10353 | Lair:1   | Noticed a four-headed hydra
 10363 | Lair:1   | Killed a four-headed hydra
 10455 | Lair:1   | Reached skill level 5 in Throwing
 10639 | Lair:1   | Slain by a yak

Levels and vault maps discovered:
D:1:      scummos_arrival_forest, layout_loops_cross
D:2:      layout_loops_corners, grunt_temple_overflow_open, first_ration,
          chequers_serial_rivers_large_a, kennysheep_crisscross
D:3:      layout_basic, grunt_temple_overflow_lords_of_destruction,
          nicolae_ru_path_of_blood
D:4:      layout_loops_ring
D:5:      layout_basic, nicolae_overflow_hidden_temple,
          kennysheep_generic_room_14
D:6:      layout_rooms, led_sif_pool
D:7:      layout_layer_cave, kennysheep_mini, minmay_temple_entry_large_hall,
          dk_noncrumbling_4
D:8:      layout_basic, xom_redecorated
D:9:      layout_gridville, special_room [special_room_orc], serial_glass,
          glass_columns_a, glass_columns_b, glass_columns_a, glass_columns_b,
          glass_columns_a, glass_columns_a, glass_columns_c, glass_columns_a,
          glass_columns_c, glass_columns_c
D:10:     minmay_gate_of_8, layout_loops_ring, erik_lair_orcish_takeover,
          orc_0_dummy, fedhas_altar_1
D:11:     layout_loops_corners
D:12:     layout_cave_pools, muffindrake_ghost_dual_entry
Lair:1:   layout_regular_city, ebering_ghost_xom, chequers_serial_rivers_marsh,
          hibernation_bobbens

Skill      XL: |  1  2  3  4  5  6  7  8  9 10 11 12 |
---------------+-------------------------------------+-----
Unarmed Combat | 4 5 6 8 10 11 13 15 | 15.9
Fighting       | 3 4 5 6 7 8 |  8.1
Dodging        | 4 6 |  6.0
Throwing       | 2 5 |  5.2

Action                   |  1- 3 |  4- 6 |  7- 9 | 10-12 || total
-------------------------+-------+-------+-------+-------++-------
Melee: Unarmed           |    85 |   130 |   283 |   461 ||   959
       Punch             |       |     3 |    11 |    29 ||    43
Throw: Boomerang         |       |       |       |    58 ||    58
Invok: Berserk           |       |     1 |     4 |     2 ||     7
       Trog's Hand       |       |       |     2 |     6 ||     8
       Brothers in Arms  |       |       |       |     1 ||     1
Evoke: Wand              |       |       |     3 |     3 ||     6
  Use: Scroll            |       |       |     6 |     3 ||     9
       Potion            |       |       |       |     2 ||     2
 Stab: Sleeping          |     3 |     1 |     1 |     1 ||     6
  Eat: Chunk             |     7 |    16 |    36 |    40 ||    99
       Ration            |       |     1 |     3 |     1 ||     5
Armor: Animal skin       |    18 |    44 |    94 |       ||   156
       Troll leather arm |       |       |     7 |   165 ||   172
Dodge: Dodged            |    33 |    43 |   135 |   237 ||   448

Table legend:
 A = Non-vault XP
 B = Vault XP
 C = Vault XP percentage of total XP
 D = Non-vault monster count
 E = Vault monster count
 F = Vault count percentage of total count
                 A         B        C        D         E       F
            +---------+---------+-------+---------+---------+-------
      Total |   27919 |     936 |   3.2 |     335 |      31 |   8.5
            +---------+---------+-------+---------+---------+-------
        D:1 |      35 |       0 |   0.0 |      20 |       0 |   0.0
        D:2 |      94 |       0 |   0.0 |      18 |       0 |   0.0
        D:3 |      64 |      50 |  43.9 |      22 |       1 |   4.3
        D:4 |     230 |       0 |   0.0 |      21 |       0 |   0.0
        D:5 |     664 |      11 |   1.6 |      14 |       1 |   6.7
        D:6 |     488 |       0 |   0.0 |      12 |       0 |   0.0
        D:7 |    1451 |       0 |   0.0 |      26 |       0 |   0.0
        D:8 |    1478 |       0 |   0.0 |      25 |       0 |   0.0
        D:9 |    3327 |     368 |  10.0 |      35 |      24 |  40.7
       D:10 |    4220 |     507 |  10.7 |      38 |       5 |  11.6
       D:11 |    6759 |       0 |   0.0 |      53 |       0 |   0.0
       D:12 |    7500 |       0 |   0.0 |      43 |       0 |   0.0
     Lair:1 |    1609 |       0 |   0.0 |       8 |       0 |   0.0
            +---------+---------+-------+---------+---------+-------
